 Dungeon Crawl Stone Soup version 0.31.0-1-g2c135a008e (webtiles) character file.

Game seed: 6686221566446003200

249 qw the Shooter (level 6, -1/46 HPs)
             Began as a Djinni Hunter on Jan 23, 2024.
             Was an Initiate of Okawaru.
             Slain by Edmund
             ... wielding a +6 flail of holy wrath
              (14 damage)
             ... on level 5 of the Dungeon.
             The game lasted 00:00:11 (3324 turns).

qw the Shooter (Djinni Hunter)                      Turns: 3324, Time: 00:00:11

Health: -1/46      AC:  6    Str: 10    XL:     6   Next: 34%
Gold:   188        EV: 11    Int: 11    God:    Okawaru [......] SH:  0 Dex: 18

rFire   + + .        a - +1 shortbow
rCold   x . .        (shield currently unavailable)
rNeg    . . .        b - +0 ring mail
rPois   inf          d - +0 helmet
rElec   .            (no cloak)
rCorr   .            (no gloves)
SInv    +            (boots unavailable)
Will    .....        (no amulet)
Stlth   +            h - +4 ring of slaying {mikee}
HPRegen 0.27/turn    j - ring of see invisible
MPRegen 0.00/turn

%: infuse magic (-2 HP)
@: flying
A: sickness immunity, fire resistance 2, cold vulnerability 1, float, innate
caster, HP casting, extra vitality 1
a: Renounce Religion


You were on level 5 of the Dungeon.
You worshipped Okawaru.
Okawaru was noncommittal.
You visited 2 branches of the dungeon, and saw 6 of its levels.

You collected 188 gold pieces.


Innate Abilities, Weirdness & Mutations

You are immune to sickness and miasma.
You are immune to poison.
Your flesh is very heat resistant. (rF++)
You are vulnerable to cold. (rC-)
You float through the air rather than walking.
You learn spells naturally, not from books.
Your magical power is your life essence.
You have superior vitality. (+4 MHP)


   Skills:
 + Level 3.1 Fighting
 - Level 5.1 Ranged Weapons
 - Level 1.0 Armour
 - Level 3.2 Dodging
 - Level 0.7 Stealth


You knew the following spells:

 Your Spells              Type           Power      Damage    Failure   Level
a - Slow                  Hex            0%         N/A       65%         1
b - Searing Ray           Conj           0%         2d4       80%         2
Your spell library was empty.

Inventory:

Hand Weapons
 a - a +1 shortbow (weapon)
Armour
 b - a +0 ring mail (worn)
 d - a +0 helmet (worn)
Jewellery
 g - a ring of fire
 h - a +4 ring of slaying (left hand) {mikee}
 j - a ring of see invisible (right hand)
Wands
 l - a wand of flame (19)
 r - a wand of charming (8)
Scrolls
 f - 3 scrolls of teleportation
 p - 2 scrolls of identify
Potions
 c - a potion of enlightenment {unknown}
 e - a potion of ambrosia {unknown}
 i - a potion of heal wounds {unknown}
 k - 2 potions of curing
 m - a potion of lignification {unknown}
 n - a potion of berserk rage {unknown}
 o - a potion of brilliance {unknown}
 q - a potion of magic {unknown}

Dungeon Overview and Level Annotations

Branches:
Dungeon (5/15)             Temple (1/1) D:4

Altars:
Ashenzari
Cheibriados
Dithmenos
Elyvilon
Fedhas
Hepliaklqana
Makhleb
Nemelex Xobeh
Okawaru
Qazlal
Ru
Trog
Uskayaw
Yredelemnul
The Shining One

Annotations:
D:5 Edmund


Message History

The hound is heavily wounded.
You shoot an arrow. The arrow closely misses the hound.
The hound bites you but does no damage.
You shoot an arrow. The arrow misses the hound.
The hound barely misses you. The hound closely misses you.
You shoot an arrow. The arrow barely misses the hound.
The hound barely misses you. The hound closely misses you.
You shoot an arrow. The arrow hits the hound!
The hound is almost dead.
You hear a shout!
The hound bites you. The hound closely misses you.
You shoot an arrow. The arrow hits the hound!
You kill the hound!
Okawaru accepts your kill.
Edmund the Younger comes into view.
He is wielding a +6 flail of holy wrath.
Your Dodging skill increases to level 3!
You shoot an arrow. The arrow hits Edmund!
Edmund is moderately wounded.
You shoot an arrow. The arrow hits Edmund.
Edmund is moderately wounded.
Edmund hits you with a +6 flail of holy wrath.
You shoot an arrow. The arrow closely misses Edmund.
Edmund hits you with a +6 flail of holy wrath!
You shoot an arrow. The arrow barely misses Edmund.
Edmund hits you with a +6 flail of holy wrath!
You shoot an arrow. The arrow hits Edmund!
Edmund is heavily wounded.
Edmund hits you with a +6 flail of holy wrath.
Edmund hits you with a +6 flail of holy wrath!
You shoot an arrow. The arrow hits Edmund.
Edmund is severely wounded.
Edmund barely misses you.
You shoot an arrow. The arrow hits Edmund!
Edmund is almost dead.
Edmund barely misses you.
You shoot an arrow. The arrow closely misses Edmund.
Edmund barely misses you.
Edmund hits you with a +6 flail of holy wrath!
You die...
Edmund says, "That'll show my brother!"

....##.##
##.##
######...##
##...# ##
+.....#
#..... #>
##...##
##...# #.
##.## ##.##
#. #'# #'#
#.####.##
##.##
#..##...##
##...#
#.@'.....#
#.....
#@###...##
##...# ...
##.## ##.##
..... #+#
+'# .......
##.##
.......
##...#
....... #+
#.....
.......
#.###...#
#.<.##.##


You could see Edmund.

Vanquished Creatures
  A bombardier beetle (D:4)
  A hound (D:5)
  An iguana (D:4)
  9 adders
  A dart slug (D:4)
  2 orcs (D:3)
  9 endoplasms
  8 giant cockroaches
  8 goblins
  3 hobgoblins
  4 kobolds
  6 quokkas
  6 ball pythons
  4 bats
  6 frilled lizards
  4 rats
73 creatures vanquished.

Notes
Turn   | Place    | Note
-------+----------+-------------------------------------------
     0 | D:1      | qw the Djinni Hunter began the quest for the Orb.
     0 | D:1      | Reached XP level 1. HP: 18/18 MP: 0/0
     0 | D:1      | 0 ||| qw: Version: 0.3-a-134-g2ba4250
     0 | D:1      | 0 ||| qw: Game counter: 693
     0 | D:1      | 0 ||| qw: Melee chars always use a shield: true
     0 | D:1      | 0 ||| qw: God list: Okawaru
     0 | D:1      | 0 ||| qw: Allow faded altars: false
     0 | D:1      | 0 ||| qw: Do Orc after clearing Dungeon:15 true
     0 | D:1      | 0 ||| qw: Do second Lair branch before Depths: true
     0 | D:1      | 0 ||| qw: Lair rune preference: random
     0 | D:1      | 0 ||| qw: Goals: Normal
     0 | D:1      | 0 ||| PLANNING D:1-11
    12 | D:1      | HP: 4/18 [frozen (7)]
   190 | D:1      | Reached XP level 2. HP: 21/23 MP: 0/0
   341 | D:1      | Found a faded altar of an unknown god.
   385 | D:1      | Reached skill level 4 in Ranged Weapons
   385 | D:1      | Reached XP level 3. HP: 28/28 MP: 0/0
   385 | D:1      | Learned a level 1 spell: Slow
   821 | D:1      | 821 ||| READING scroll labelled INKIT FYATSOIMM.
   922 | D:1      | 922 ||| READING 5 scrolls labelled BEYHOM ENASAW.
   922 | D:1      | 922 ||| IDENTIFYING purple potion
   923 | D:1      | 923 ||| READING 4 scrolls of identify.
   923 | D:1      | 923 ||| IDENTIFYING fizzy ruby potion
   924 | D:1      | 924 ||| READING 3 scrolls of identify.
   924 | D:1      | 924 ||| IDENTIFYING scroll labelled DIGIBUOGEC
   925 | D:1      | 925 ||| READING 2 scrolls of identify.
   925 | D:1      | 925 ||| IDENTIFYING scroll labelled KAV PERGHAKHLAO
   926 | D:1      | 926 ||| READING scroll of enchant weapon.
   926 | D:1      | 926 ||| ENCHANTING +0 shortbow.
   927 | D:1      | 927 ||| READING scroll of identify.
   927 | D:1      | 927 ||| IDENTIFYING scroll labelled LEMNAG BODAUB
   928 | D:1      | 928 ||| DROPPING scroll of butterflies.
   929 | D:1      | 929 ||| DROPPING potion of degeneration.
   930 | D:1      | 930 ||| DROPPING scroll of fog.
  1254 | D:2      | Reached skill level 3 in Fighting
  1254 | D:2      | Reached XP level 4. HP: 35/35 MP: 0/0
  1875 | D:2      | 1875 ||| UPGRADING to +0 ring mail.
  1885 | D:2      | 1885 ||| DROPPING +0 leather armour.
  1886 | D:2      | 1886 ||| UPGRADING to +4 ring of slaying {mikee}.
  1887 | D:2      | 1887 ||| READING scroll labelled HOECZA MOSUNE.
  1888 | D:2      | 1888 ||| READING scroll labelled IMYUFE YDWOD.
  2012 | D:3      | Reached skill level 1 in Armour
  2138 | D:3      | Reached XP level 5. HP: 38/40 MP: 0/0
  2138 | D:3      | Learned a level 2 spell: Searing Ray
  2458 | D:3      | 2458 ||| UPGRADING to +0 helmet.
  2463 | D:3      | 2463 ||| UPGRADING to ring of see invisible.
  2464 | D:3      | 2464 ||| READING scroll labelled KISELY BUEMN.
  2695 | D:4      | Noticed an ogre
  2833 | D:4      | Found a white marble altar of Elyvilon.
  2858 | D:4      | Found a shadowy altar of Dithmenos.
  2974 | D:4      | Found a staircase to the Ecumenical Temple.
  2975 | D:4      | 2975 ||| PLANNING TEMPLE
  2975 | D:4      | 2975 ||| READING scroll labelled YCUBRIRPH JIOMA.
  2982 | Temple   | Entered the Ecumenical Temple
  2983 | Temple   | 2983 ||| PLANNING OKAWARU WORSHIP
  3001 | Temple   | Became a worshipper of Warmaster Okawaru
  3002 | Temple   | 3002 ||| PLANNING D:1-11
  3127 | D:4      | Reached skill level 5 in Ranged Weapons
  3127 | D:4      | Reached XP level 6. HP: 45/46 MP: 0/0
  3239 | D:5      | Entered Level 5 of the Dungeon
  3316 | D:5      | Noticed Edmund
  3317 | D:5      | Reached skill level 3 in Dodging
  3324 | D:5      | Slain by Edmund

Levels and vault maps discovered:
D:1:      dpeg_arrival_central, layout_basic,
          shapermc_ecumenical_altar_flowoftime, corexii_item_surrounded_by_moat,
          chequers_serial_rivers_micro_a, kennysheep_pointless_box, st_stairs_8,
          chequers_serial_rivers_micro_d, minmay_misc_feat_doors
D:2:      minmay_evil_eye, layout_loops_corners
D:3:      layout_rooms, chequers_serial_rivers_marsh
D:4:      layout_basic, mainiacjoe_overflow_chevrons,
          mainiacjoe_overflow_catwalk, minmay_temple_entry_nine_rooms
D:5:      layout_basic, nicolae_hexahallways, uniq_blork_the_orc, uniq_edmund
Temple:   nicolae_temple_slightly_damp_pantheon

Skill      XL: |  1  2  3  4  5  6 |
---------------+-------------------+-----
Ranged Weapons | 4 5 |  5.1
Fighting       | 3 |  3.1
Armour         | 1 |  1.0
Dodging        | 3 |  3.2
Stealth        | |  0.7

Action                     |  1- 3 |  4- 6 || total
---------------------------+-------+-------++-------
   Fire: Shortbow          |    90 |    96 ||   186
    Use: Scroll            |     7 |     4 ||    11
 Armour: Leather armour    |    19 |     1 ||    20
         Ring mail         |       |    11 ||    11
  Dodge: Dodged            |    20 |    21 ||    41

Table legend:
 A = Non-vault XP
 B = Vault XP
 C = Vault XP percentage of total XP
 D = Non-vault monster count
 E = Vault monster count
 F = Vault count percentage of total count
                 A         B        C        D         E       F
            +---------+---------+-------+---------+---------+-------
      Total |     345 |      11 |   3.1 |      67 |       6 |   8.2
            +---------+---------+-------+---------+---------+-------
        D:1 |      36 |       2 |   5.3 |      22 |       1 |   4.3
        D:2 |      51 |       9 |  15.0 |      17 |       5 |  22.7
        D:3 |      74 |       0 |   0.0 |      15 |       0 |   0.0
        D:4 |     142 |       0 |   0.0 |      12 |       0 |   0.0
        D:5 |      42 |       0 |   0.0 |       1 |       0 |   0.0
            +---------+---------+-------+---------+---------+-------
